 Dungeon Crawl Stone Soup version 0.28.0-53-g5a82cb258f (webtiles) character file.

Game seed: 4242820603557724148

39 Descartes the Grasshopper (level 3, 0/16 HPs)
             Began as a Felid Warper on June 14, 2022.
             Slain by a goblin
             ... wielding a +0 dagger
             ... led by Robin
              (4 damage)
             ... on level 2 of the Dungeon.
             The game lasted 00:01:48 (1690 turns).

Descartes the Grasshopper (Felid Warper)            Turns: 1690, Time: 00:01:49

Health: 0/16       AC:  1    Str:  9    XL:     3   Next: 28%
Magic:  7/7        EV: 18    Int: 14    God:
Gold:   46         SH:  0    Dex: 15    Spells: 6/6 levels left
                                        Lives:  0   Deaths: 0

rFire   . . .      SeeInvis +     - Unarmed
rCold   . . .      Faith    .   (shield unavailable)
rNeg    . . .      Spirit   .   (armour unavailable)
rPois   .          Reflect  .   (helmet unavailable)
rElec   .          Harm     .   (cloak unavailable)
rCorr   .          Rampage  .   (gloves unavailable)
Will    .....                   (boots unavailable)
Stlth   +.........              (no amulet)
HPRegen 0.05/turn               (no ring)
MPRegen 0.10/turn               (no ring)

@: quick
A: very small, claws 1, fangs 3, see invisible, speed 1, shaggy fur 1, stealthy
paws, no weapons or thrown items, no armour, multi-lived
a: no special abilities


You were on level 2 of the Dungeon.
You visited 1 branch of the dungeon, and saw 2 of its levels.

You collected 46 gold pieces.

Inventory:

Scrolls
 a - a scroll of blinking
 d - 2 scrolls of identify {unknown}
Potions
 b - a potion of lignification {unknown}
 c - 2 potions of haste {unknown}
 e - 2 potions of curing {unknown}
 f - a potion of attraction {unknown}


   Skills:
 - Level 2.0 Fighting
 * Level 4.4 Dodging
 + Level 2.5 Unarmed Combat
 - Level 2.0 Spellcasting
 + Level 5.0 Translocations


You had 6 spell levels left.
You didn't know any spells.
Your spell library contained the following spells:

 Spells                   Type           Power      Damage    Failure   Level
 Blink                    Tloc           30%        N/A       4%          2
 Gell's Gravitas          Tloc           15%        N/A       9%          3
 Lesser Beckoning         Tloc           15%        N/A       9%          3
 Teleport Other           Tloc           15%        N/A       9%          3
 Manifold Assault         Tloc           15%        N/A       63%         5


Dungeon Overview and Level Annotations

Branches:
Dungeon (2/15)

Altars:

Annotations:
D:1 Terence
D:2 Robin


Innate Abilities, Weirdness & Mutations

You have sharp claws.
You have razor-sharp teeth.
You have supernaturally acute eyesight. (SInv)
You cover ground quickly. (Speed+)
You are covered in fur. (AC +1)
Your paws help you pounce on unaware monsters.
You are incapable of wielding weapons or throwing items.
You cannot wear armour.
You gain extra lives every three experience levels.


Message History

You are too injured to fight recklessly!
You are too injured to fight recklessly!
You are too injured to fight recklessly!
You are too injured to fight recklessly!
You are too injured to fight recklessly!
You scratch the goblin.
The goblin is severely wounded.
Robin says, "Duck!"
The hobgoblin barely misses you. The goblin closely misses you.
You scratch the goblin.
You kill the goblin!
The hobgoblin closely misses you.
Your Translocations skill increases to level 5!
Robin roars a battlecry!
You see here a +0 club.
Robin throws the goblin at you!
You barely miss the goblin. You bite the goblin.
You kill the goblin!
Robin throws the goblin at you!
The hobgoblin no longer looks unusually strong.
The goblin no longer looks unusually strong.
Things that are here:
a +0 club; a goblin corpse Robin roars a battlecry!
The goblins go into a battle-frenzy!
You claw the goblin!
You kill the goblin!
The hobgoblin hits you.
You see here a +0 club.
The hobgoblin barely misses you. The hobgoblin barely misses you.
You see here a +0 club.
There are monsters nearby!
You scratch the hobgoblin but do no damage.
The hobgoblin hits you. Robin throws the goblin at you!
* * * LOW HITPOINT WARNING * * *
You scratch the hobgoblin.
The hobgoblin is severely wounded.
The hobgoblin misses you. The goblin hits you with a +0 dagger.
You die...

#g......# #.#######
#.# #########.#######
........g.......>
#######)#........#
#g########.# #g# #.#
#@# #.# #g########.#
#.......##.#
#######.##.#######
.#.#######.#.........
.........#.#..#######
######..#.#......#
#....<#.#.##...#.#
#.#.....#........#


You could see Robin, 2 hobgoblins and a goblin.

Vanquished Creatures
  A dart slug (D:1)
  3 ball pythons (D:1)
  4 bats (D:1)
  2 endoplasms (D:1)
  2 giant cockroaches (D:1)
  7 goblins (D:2)
  7 hobgoblins
  A quokka (D:1)
  A frilled lizard (D:1)
  2 kobolds (D:1)
  2 rats (D:1)
32 creatures vanquished.

Notes
Turn   | Place    | Note
-------+----------+-------------------------------------------
     0 | D:1      | Descartes the Felid Warper began the quest for the Orb.
     0 | D:1      | Reached XP level 1. HP: 9/9 MP: 4/4
    34 | D:1      | Reached XP level 2. HP: 7/13 MP: 6/6
  1098 | D:1      | Found a faded altar of an unknown god.
  1294 | D:1      | Reached XP level 3. HP: 16/16 MP: 7/7
  1438 | D:2      | Noticed Terence
  1615 | D:2      | Noticed Robin
  1638 | D:2      | Reached skill level 5 in Translocations
  1690 | D:2      | Slain by a goblin

Illustrated notes

Levels and vault maps discovered:
D:1:      grunt_arrival_lava_bath, layout_basic,
          hellmonk_ecumenical_altar_pennies_from_heaven, minmay_small_reverse_x
D:2:      minmay_recursive_quarters, layout_basic,
          minmay_randomly_rotated_circles, uniq_terence, uniq_robin,
          uniq_natasha, uniq_jessica

Skill      XL: |  1  2  3 |
---------------+----------+-----
Dodging        | 4 |  4.4
Translocations | 5 |  5.0
Fighting       | |  2.0
Unarmed Combat | |  2.5
Spellcasting   | |  2.0

Action                   || total
-------------------------++-------
Melee: Unarmed           ||    95
       Bite              ||    13
       Punch             ||     2
 Stab: Sleeping          ||     1
Armor: Skin              ||     4
Dodge: Dodged            ||    96
